 Dungeon Crawl Stone Soup version 0.19-a0-517-gd6a9987 (webtiles) character file.

84 Skanax the Digger (level 4, -1/24 HPs)
             Began as a Gargoyle Earth Elementalist on June 6, 2016.
             Slain by a gnoll
             ... wielding a +1 spear of piercing
              (7 damage)
             ... on level 2 of the Dungeon.
             The game lasted 00:14:24 (1713 turns).

Skanax the Digger (Gargoyle Earth Elementalist)     Turns: 1713, Time: 00:14:25

Health: -1/24      AC:  8    Str: 11    XL:     4   Next: 46%
Magic:  0/8        EV: 16    Int: 17    God:
Gold:   72         SH:  0    Dex: 10    Spells: 3 memorised, 2 levels left

rFire  . . .     SeeInvis .     f - +0 dagger
rCold  . . .     Gourm    .     c - +0 robe
rNeg   + . .     Faith    .     (no shield)
rPois  ∞         Spirit   .     (no helmet)
rElec  +         Dismiss  .     (no cloak)
rCorr  .         Reflect  .     (no gloves)
SustAt .         Harm     .     k - +0 pair of boots
MR     .....                    (no amulet)
Stlth  ++........               h - +4 ring of evasion
                                g - +2 ring of protection

@: very slightly contaminated, not resistant to hostile enchantments, unstealthy
A: negative energy resistance 1, electricity resistance, unbreathing,
petrification resistance, rot immunity, AC +3
a: no special abilities


You were on level 2 of the Dungeon.
You were not hungry.

You visited 1 branch of the dungeon, and saw 2 of its levels.

You collected 72 gold pieces.

Inventory:

Hand Weapons
 f - a +0 dagger (weapon)
Missiles
 b - 80 stones (quivered)
Armour
 c - a +0 robe (worn)
 k - a +0 pair of boots (worn)
Jewellery
 g - a +2 ring of protection (left hand)
 h - a +4 ring of evasion (right hand)
Scrolls
 a - a scroll of random uselessness
 j - a scroll of identify
Potions
 l - a potion of curing {unknown}
Books
 e - a book of Geomancy

   Spells                             Type                      Level
   a - Sandblast                      Earth                        1
   b - Passwall                       Transmutation/Earth          2
   c - Stone Arrow                    Conjuration/Earth            3
   d - Petrify                        Transmutation/Earth          4
   e - Lee's Rapid Deconstruction     Earth                        5
 i - a book of the Earth

   Spells                             Type                      Level
   a - Leda's Liquefaction            Hexes/Earth                  4
   b - Bolt of Magma                  Conjuration/Fire/Earth       5
   c - Statue Form                    Transmutation/Earth          6
   d - Iron Shot                      Conjuration/Earth            6
   e - Shatter                        Earth                        9
Comestibles
 d - 4 chunks of flesh


   Skills:
 - Level 0.2 Fighting
 - Level 2.0 Dodging
 - Level 2.1 Stealth
 * Level 2.7 Spellcasting
 * Level 1.0 Conjurations
 + Level 1.2 Transmutations
 + Level 4.6 Earth Magic


You had 2 spell levels left.
You knew the following spells:

 Your Spells              Type           Power        Failure   Level  Hunger
a - Sandblast             Erth           ###...       2%          1    #......
b - Passwall              Tmut/Erth      ##........   10%         2    ##.....
c - Stone Arrow           Conj/Erth      ##....       17%         3    ###....


Dungeon Overview and Level Annotations

Branches:
Dungeon (2/15)

Altars:


Innate Abilities, Weirdness & Mutations

You are resistant to torment.
Your stone body is resilient. (AC +3)
You are immune to poison.
You resist negative energy. (rN+)
You are resistant to electric shocks. (rElec)
You can survive without breathing.
You are immune to petrification.
You are immune to rotting.


Message History

You hit the gnoll.
The gnoll is heavily wounded.
The gnoll closely misses you. The gnoll barely misses you.
Casting: Sandblast
Confirm with . or Enter, or press ? or * to list all spells.
Aiming: Sandblast
Press: ? - help, Shift-Dir - straight line, f/p - gnoll
Aim: a gnoll, wielding a whip (heavily wounded)
The blast of sand misses the gnoll.
The blast of sand hits the gnoll.
The gnoll misses you. The gnoll closely misses you.
You barely miss the gnoll.
The gnoll is heavily wounded.
The gnoll barely misses you. The gnoll misses you.
You hit the gnoll but do no damage.
The gnoll is heavily wounded.
The gnoll hits you but does no damage. The gnoll barely misses you.
You hit the gnoll.
The gnoll is severely wounded.
The gnoll hits you from afar with a spear of piercing!
You die...

#.#
##........#####...#
#### #.#
#...#####.#
##..##### #.#######
###)# #......# #..#
#...# ##...#.##
##.# #.### ##..#...
#.## #.# #..###.
#..# #g# ##.....
##.# #g# #..### ###
###@# ##.### #...#
#.##. ####.###
#.... #.....# #....
#.....# #....
#.....# #....
####### #####


You could see 2 gnolls.

Vanquished Creatures
  4 adders
  A gnoll (D:2)
  2 dart slugs (D:1)
  2 giant geckos (D:1)
  7 bats
  A giant cockroach (D:1)
  3 goblins
  4 hobgoblins
  3 jackals (D:1)
  3 giant newts
  3 kobolds
33 creatures vanquished.

Notes
Turn   | Place    | Note
--------------------------------------------------------------
     0 | D:1      | Skanax the Gargoyle Earth Elementalist began the quest for the Orb.
     0 | D:1      | Reached XP level 1. HP: 10/10 MP: 3/3
   164 | D:1      | Reached skill level 4 in Earth Magic
   188 | D:1      | Reached XP level 2. HP: 14/15 MP: 1/5
   212 | D:1      | Learned a level 2 spell: Passwall
   367 | D:1      | Reached XP level 3. HP: 19/19 MP: 1/6
   372 | D:1      | Learned a level 3 spell: Stone Arrow
   572 | D:1      | Reached skill level 1 in Transmutations
  1336 | D:2      | Reached XP level 4. HP: 24/24 MP: 0/8
  1695 | D:2      | Reached skill level 1 in Conjurations
  1713 | D:2      | Slain by a gnoll

Vault maps used:
D:1:      roderic_chinese_lattice_arrival, minmay_hedge_maze

Skill      XL: |  1  2  3  4 |
---------------+-------------+-----
Earth Magic    | 4 |  4.6
Transmutations | 1 |  1.2
Dodging        | 2 |  2.0
Conjurations   | 1 |  1.0
Fighting       | |  0.2
Stealth        | |  2.1
Spellcasting   | |  2.7

Action                   |  1- 3 |  4- 6 || total
-------------------------+-------+-------++-------
Melee: Unarmed           |     7 |       ||     7
       Dagger            |    13 |    15 ||    28
 Cast: Sandblast         |    43 |     8 ||    51
       Stone Arrow       |     8 |     4 ||    12
       Passwall          |     1 |       ||     1
  Use: Potion            |     2 |       ||     2
       Scroll            |     4 |     1 ||     5
  Eat: Bread ration      |     1 |       ||     1
       Chunk             |     1 |       ||     1
Armor: Robe              |    14 |     6 ||    20
Dodge: Dodged            |    58 |    23 ||    81
